 Dungeon Crawl Stone Soup version 0.23.2-30-g0e89c35649 (webtiles) character file.

Game seed: 299507593800577105

278 Mrkan the Shield-Bearer (level 6, -4/39 HPs)
             Began as a Gargoyle Fighter on June 23, 2019.
             Slain by an ogre
             ... wielding a +0 giant club
              (22 damage)
             ... on level 4 of the Dungeon.
             The game lasted 00:04:08 (2506 turns).

Mrkan the Shield-Bearer (Gargoyle Fighter)          Turns: 2506, Time: 00:04:09

Health: -4/39      AC: 14    Str: 19    XL:     6   Next: 26%
Magic:  6/6        EV:  5    Int:  9    God:
Gold:   240        SH: 10    Dex: 14    Spells: 5/5 levels left

rFire    . . .     SeeInvis .   a - +0 flail
rCold    . . .     Gourm    .   c - +0 shield
rNeg     + . .     Faith    .   e - +0 chain mail (curse)
rPois    ∞         Spirit   .   t - +0 helmet
rElec    +         Reflect  .   (no cloak)
rCorr    .         Harm     .   (no gloves)
MR       .....                  (no boots)
Stlth    ..........             (no amulet)
HPRegen  0.13/turn              g - +3 ring of dexterity (curse)
MPRegen  0.10/turn              (no ring)

@: no status effects
A: negative energy resistance 1, electricity resistance, unbreathing,
petrification resistance, rot immunity, AC +4
a: no special abilities


You were on level 4 of the Dungeon.
You were not hungry.

You visited 1 branch of the dungeon, and saw 4 of its levels.

You collected 240 gold pieces.

Inventory:

Hand Weapons
 a - a +0 flail (weapon)
Armour
 b - a +0 scale mail
 c - a +0 shield (worn)
 e - a cursed +0 chain mail (worn)
 o - a cursed +0 chain mail
 t - a +0 helmet (worn)
Jewellery
 g - a cursed +3 ring of dexterity (left hand)
 v - an uncursed ring of magical power {unknown}
Scrolls
 h - 3 scrolls of teleportation {unknown}
 k - 5 scrolls of identify {unknown}
 l - a scroll of enchant armour {unknown}
 m - 5 scrolls of amnesia {unknown}
 n - 3 scrolls of remove curse {unknown}
 q - a scroll of magic mapping {unknown}
 r - a scroll of random uselessness {unknown}
Potions
 d - 2 potions of might
 i - 3 potions of heal wounds {unknown}
 j - a potion of ambrosia {unknown}
 p - a potion of haste {unknown}
 s - 2 potions of curing {unknown}
Comestibles
 f - 4 rations
 u - 2 chunks of flesh


   Skills:
 + Level 4.6 Fighting
 + Level 3.5 Maces & Flails
 - Level 3.2 Armour
 * Level 5.8 Shields


You had 5 spell levels left.
You didn't know any spells.
Your spell library was empty.

Dungeon Overview and Level Annotations

Branches:
Dungeon (4/15)
 Temple: D:4-7

Altars:
Ashenzari
Ru
Vehumet


Innate Abilities, Weirdness & Mutations

You are resistant to torment.
Your stone body is resilient. (AC +4)
You are immune to poison.
You resist negative energy. (rN+)
You are resistant to electric shocks. (rElec)
You can survive without breathing.
You are immune to petrification.
You are immune to rotting.


Message History

The ogre is heavily wounded.
You block the ogre's attack.
You hit the ogre.
The ogre is severely wounded.
The ogre barely misses you.
You hit the ogre.
The ogre is severely wounded.
You block the ogre's attack.
You hit the ogre.
The ogre is severely wounded.
You block the ogre's attack.
You completely miss the ogre.
The ogre is severely wounded.
The ogre hits you with a +0 giant club!!
Ouch! That really hurt!
You hit the ogre.
The ogre is almost dead.
The ogre hits you with a +0 giant club!!
Ouch! That really hurt!
You die...

#................
####.##.########.
#.##.# #...
##.##.# #.#>
#(.##.#####....
#..............
#.###.###......
#####.###.#
#.###..
#.@.......# ...
#O###.##### ###
#. #.# #. #.# #.
#.# #. #.. #. ###
#.


You could see an ogre.

Vanquished Creatures
  A sky beast (D:3)
  2 worker ants (D:4)
  5 adders
  An ooze (D:4)
  6 worms
  2 dart slugs
  2 leopard geckos
  9 orcs
  A giant cockroach (D:4)
  3 goblins
  9 hobgoblins
  3 jackals (D:4)
  4 kobolds
  A quokka (D:4)
  A ball python (D:1)
  9 bats
  A frilled lizard (D:2)
  9 rats
69 creatures vanquished.

Notes
Turn   | Place    | Note
-------+----------+-------------------------------------------
     0 | D:1      | Mrkan the Gargoyle Fighter began the quest for the Orb.
     0 | D:1      | Reached XP level 1. HP: 14/14 MP: 1/1
   114 | D:1      | Reached XP level 2. HP: 19/19 MP: 2/2
   987 | D:2      | Reached skill level 4 in Shields
   987 | D:2      | Reached XP level 3. HP: 18/23 MP: 3/3
  1294 | D:2      | Reached XP level 4. HP: 28/29 MP: 4/4
  1334 | D:2      | Found a radiant altar of Vehumet.
  1677 | D:3      | Noticed a sky beast
  1718 | D:3      | Killed a sky beast
  1718 | D:3      | Reached skill level 5 in Shields
  1718 | D:3      | Reached XP level 5. HP: 22/33 MP: 5/5
  1836 | D:3      | Found a shattered altar of Ashenzari.
  1995 | D:3      | Found a sacrificial altar of Ru.
  2314 | D:4      | Reached XP level 6. HP: 35/39 MP: 6/6
  2506 | D:4      | Slain by an ogre

Skill      XL: |  1  2  3  4 |
---------------+-------------+-----
Shields        | 4 5 |  5.8
Fighting       | 4 |  4.6
Maces & Flails | 3 |  3.5
Armour         | |  3.2

Action                   |  1- 3 |  4- 6 || total
-------------------------+-------+-------++-------
Melee: Flail             |   102 |   215 ||   317
  Eat: Chunk             |     1 |     5 ||     6
Armor: Scale mail        |     2 |       ||     2
       Chain mail        |    46 |   133 ||   179
Dodge: Dodged            |    24 |    41 ||    65
Block: Shield            |    53 |   124 ||   177
